 Dungeon Crawl Stone Soup version 0.29-a0-25-g7f48f510a0 (webtiles) character file.

Game seed: 18080806570200353394

255 Wyvernaa the Cudgeller (level 5, -5/42 HPs)
             Began as a Demonspawn Fighter on Jan 31, 2022.
             Engulfed by a steam dragon's steam (7 damage)
             ... on level 4 of the Dungeon.
             The game lasted 00:09:51 (4658 turns).

Wyvernaa the Cudgeller (Demonspawn Fighter)         Turns: 4658, Time: 00:09:51

Health: -5/42      AC: 11    Str: 16    XL:     5   Next: 91%
Magic:  5/5        EV:  9    Int:  9    God:
Gold:   101        SH:  5    Dex: 15    Spells: 4/4 levels left

rFire   . . .      SeeInvis .   a - +1 flail
rCold   . . .      Faith    .   c - +0 buckler
rNeg    . . .      Spirit   .   f - +3 scale mail
rPois   .          Reflect  .   b - +0 helmet
rElec   .          Harm     .   (no cloak)
rCorr   .          Rampage  .   (no gloves)
Will    .....                   (no boots)
Stlth   ..........              (no amulet)
HPRegen 0.14/turn               (no ring)
MPRegen 0.18/turn               (no ring)

@: no status effects
A: hooves 1, demonic guardian 1, magic regeneration
a: no special abilities


You were on level 4 of the Dungeon.
You visited 1 branch of the dungeon, and saw 4 of its levels.

You collected 101 gold pieces.

Inventory:

Hand Weapons
 a - a +1 flail (weapon)
Missiles
 j - 2 throwing nets (quivered)
Armour
 b - a +0 helmet (worn)
 c - a +0 buckler (worn)
 f - a +3 scale mail (worn)


   Skills:
 + Level 3.7 Fighting
 * Level 4.2 Maces & Flails
 + Level 3.4 Armour
 + Level 1.2 Dodging
 + Level 0.1 Stealth
 + Level 3.1 Shields


You had 4 spell levels left.
You didn't know any spells.
Your spell library was empty.

Dungeon Overview and Level Annotations

Branches:
Dungeon (4/15)
 Temple: D:4-7

Altars:

Annotations:
D:3 Pargi


Innate Abilities, Weirdness & Mutations

You have large cloven feet.
A weak demonic guardian rushes to your aid.
You regenerate magic rapidly.


Message History

HP restored.
Found a helmet.
You see here 3 poisoned darts.
A steam dragon comes into view.
The steam dragon hisses angrily.
You see here a +0 helmet.
b - a +0 helmet You start putting on your armour.
You continue putting on your +0 helmet.
The steam dragon breathes steam at you.
Keep equipping yourself? [Y]es or [N]o only, please.
Keep equipping yourself?
The ball of steam hits you!
You continue putting on your +0 helmet.
You are engulfed in a cloud of scalding steam.
You continue putting on your +0 helmet.
You are engulfed in a cloud of scalding steam.
You continue putting on your +0 helmet.
You are engulfed in a cloud of scalding steam.
A demonic guardian appears!
The steam dragon closely misses you.
The steam dragon claws you but does no damage.
You finish putting on your +0 helmet.
You block the steam dragon's attack. The steam dragon closely misses you.
Your shadow imp hits the steam dragon but does no damage.
The steam dragon breathes steam at you. The ball of steam hits you!!
* * * LOW HITPOINT WARNING * * *
Your shadow imp hits the steam dragon.
You see here 3 poisoned darts.
You feel better. The steam dragon breathes steam at you.
The ball of steam hits you!
* * * LOW HITPOINT WARNING * * *
You aren't carrying any scrolls.
Unknown command.
Your shadow imp is engulfed in a cloud of scalding steam.
The steam dragon breathes steam at you. The ball of steam misses you.
You are engulfed in a cloud of scalding steam.
You die...

...## #.#.##...####
##... ##.#..........
#...# ....§........#
#..# #.#..$.....#
#..########.#..(.5.#
#.(.....##.....#§§.#
#.#####[...#...#####
#.########.....#
#...§§@§§D.5##.#
#.############.#
#......... ..#
########## ###


There were no monsters in sight!

Vanquished Creatures
  An orc priest (D:3)
  4 orc wizards (D:3)
  4 adders
  An adder skeleton (D:4)
  A dart slug (D:3)
  8 orcs (D:3)
  7 endoplasms
  2 giant cockroaches
  3 goblins
  3 hobgoblins (D:2)
  A quokka (D:3)
  6 ball pythons
  3 bats
  3 frilled lizards
  5 kobolds
  6 rats
58 creatures vanquished.

Vanquished Creatures (collateral kills)
  An iguana (D:3)
  An orc (D:3)
2 creatures vanquished.

Vanquished Creatures (others)
  2 plants (D:3)
2 creatures vanquished.

Grand Total: 62 creatures vanquished

Notes
Turn   | Place    | Note
-------+----------+-------------------------------------------
     0 | D:1      | Wyvernaa the Demonspawn Fighter began the quest for the
                  | Orb.
     0 | D:1      | Reached XP level 1. HP: 18/18 MP: 1/1
   742 | D:1      | Gained mutation: You have large cloven feet. [demonic
                  | ancestry]
   742 | D:1      | Reached XP level 2. HP: 18/24 MP: 2/2
  1247 | D:2      | Reached skill level 2 in Maces & Flails
  1860 | D:2      | Gained mutation: A weak demonic guardian rushes to your
                  | aid. [demonic ancestry]
  1860 | D:2      | Reached XP level 3. HP: 28/29 MP: 3/3
  2161 | D:3      | Reached skill level 1 in Dodging
  2184 | D:3      | Found a faded altar of an unknown god.
  2247 | D:3      | Reached XP level 4. HP: 7/35 MP: 4/4
  2248 | D:3      | HP: 1/35 [frozen (1)]
  2355 | D:3      | Reached skill level 3 in Maces & Flails
  2758 | D:3      | Gained mutation: You regenerate magic rapidly. [demonic
                  | ancestry]
  2758 | D:3      | Reached XP level 5. HP: 38/41 MP: 5/5
  3366 | D:3      | Noticed Pargi
  4125 | D:3      | Reached skill level 4 in Maces & Flails
  4638 | D:4      | Noticed a steam dragon
  4653 | D:4      | HP: 1/42 [steam dragon/ball of steam (16)]
  4658 | D:4      | Engulfed by a steam dragon's steam

Illustrated notes

Levels and vault maps discovered:
D:1:      dpeg_arrival_round_b, layout_basic
D:2:      layout_basic
D:3:      layout_basic, hellmonk_ecumenical_altar_zigzags, serial_bayou_pond_d,
          chequers_arboretum, kennysheep_cluttered_room,
          minmay_fractal_squares_gapless_5, uniq_pargi
D:4:      gammafunk_wand_slinger, layout_loops_ring

Skill      XL: |  1  2  3  4  5 |
---------------+----------------+-----
Shields        | 3 |  3.1
Maces & Flails | 2 3 4 |  4.2
Armour         | 3 |  3.4
Dodging        | 1 |  1.2
Fighting       | |  3.7
Stealth        | |  0.1

Action                   |  1- 3 |  4- 6 || total
-------------------------+-------+-------++-------
Melee: Flail             |   103 |    85 ||   188
       Kick              |    11 |    15 ||    26
  Use: Scroll            |     3 |     2 ||     5
       Potion            |       |     8 ||     8
Armor: Scale mail        |    52 |    22 ||    74
       Skin              |       |    47 ||    47
Dodge: Dodged            |    38 |    38 ||    76
Block: Buckler           |    24 |    20 ||    44

Table legend: (Time is in decaauts)
 A = Elapsed time spent in this place.
 B = Non-inter-level travel time spent in this place.
 C = Inter-level travel time spent in this place.
 D = Time resting spent in this place.
 E = Time spent auto-exploring this place.
 F = Levels seen in this place.
 G = Mean time per level.
                   A        B        C        D        E       F      G
               +--------+--------+--------+--------+--------+-----+--------+
         Total |   4719 |   4629 |     90 |   1602 |   2206 |   4 | 1179.8 |
       Dungeon |   4719 |   4629 |     90 |   1602 |   2206 |   4 | 1179.8 |
               +--------+--------+--------+--------+--------+-----+--------+

Top non-repeatable levels by time:
     D:3: 1909 daAuts
     D:2: 1774 daAuts
     D:1: 949 daAuts
     D:4: 86 daAuts
